 Dungeon Crawl Stone Soup version 0.30.1-9-gdf580d7c3d (webtiles) character file.

Game seed: 7984086201553680936

44315 monsoonserge the Cleaver (level 12, -4/87 (99) HPs)
             Began as a Merfolk Gladiator on Oct 3, 2023.
             Was a High Priest of Ru.
             Slain by a black mamba (15 damage)
             ... on level 5 of the Lair of Beasts.
             The game lasted 01:07:59 (17716 turns).

monsoonserge the Cleaver (Merfolk Gladiator)       Turns: 17716, Time: 01:07:59

HP:   -4/87 (99)    AC:  9    Str: 17    XL:     12   Next: 28%
MP:   6/12          EV: 21    Int:  7    God:    Ru [*****.]
Gold: 1109          SH: 11    Dex: 18    Spells: 11/11 levels left

rFire   . . .        a - +8 mithril axe "Arga" {speed, Will+}
rCold   . . .        K - +0 buckler
rNeg    . . .        M - +2 leather armour {rF+}
rPois   +            c - +0 helmet
rElec   .            I - +0 cloak
rCorr   .            (no gloves)
SInv    .            H - +2 pair of slick slippers {slick, slippery, EV+4}
Will    +....        b - amulet of reflection
Stlth   +++          l - ring of protection from cold
HPRegen 0.34/turn    R - ring of poison resistance
MPRegen 0.13/turn

%: reflection
@: exhausted, slowed, heavily drained, very slow
A: inexperienced 2, temperature sensitive, (nimble swimmer 2), mertail
a: Renounce Religion, Draw Out Power, Power Leap, Apocalypse


You were on level 5 of the Lair of Beasts.
You worshipped Ru.
Ru was extremely pleased with you.
You visited 3 branches of the dungeon, and saw 17 of its levels.

You collected 1109 gold pieces.

Inventory:

Hand Weapons
 a - the +8 mithril axe "Arga" (weapon) {speed, Will+}
   (You took it off an orc on level 5 of the Dungeon)

   Will:      It increases your willpower.
Missiles
 d - 2 throwing nets
 e - a javelin
 J - a curare-tipped dart
 L - 44 poisoned darts (quivered)
 Y - 5 atropa-tipped darts
Armour
 c - a +0 helmet (worn)
 x - a scarf of invisibility
 H - the +2 pair of slick slippers (worn) {slick, slippery, EV+4}
   (You found it on level 6 of the Dungeon)

   Slick:     Its wearer cannot be constricted, engulfed, netted or webbed.
   Slippery:  Its wearer slips away from damaging melee attacks, pulling the
   attacker onward.
   EV:        It affects your evasion (+4).
 I - a +0 cloak (worn)
 K - a +0 buckler (worn)
 M - a +2 leather armour of fire resistance (worn)
 N - the +2 ring mail of Catugom {rPois Str-3 Int+3 Stlth+}
   (You found it on level 9 of the Dungeon)

   Str:       It affects your strength (-3).
   Int:       It affects your intelligence (+3).
   rPois:     It protects you from poison.
   Stlth:     It makes you more stealthy.
 S - +0 storm dragon scales
 V - a +2 chain mail of cold resistance
Jewellery
 b - an amulet of reflection (around neck)
 l - a ring of protection from cold (left hand)
 q - a +5 ring of evasion
 u - a ring of resist corrosion
 O - a ring of protection from fire
 R - a ring of poison resistance (right hand)
 U - a ring of positive energy
Wands
 n - a wand of digging (5)
 r - a wand of flame (10)
 w - a wand of roots (5)
 z - a wand of quicksilver (6)
Scrolls
 f - 3 scrolls of enchant weapon
 j - 3 scrolls of magic mapping
 m - 4 scrolls of blinking
 o - 2 scrolls of fear
 p - 4 scrolls of teleportation
 v - 2 scrolls of amnesia {unknown}
 y - 3 scrolls of enchant armour
 A - 2 scrolls of noise {unknown}
 B - a scroll of vulnerability {unknown}
 Q - 3 scrolls of fog {unknown}
 X - a scroll of immolation {unknown}
Potions
 g - 2 potions of cancellation {unknown}
 i - 2 potions of flight
 k - a potion of haste
 s - 3 potions of invisibility
 t - 3 potions of berserk rage {unknown}
 C - 2 potions of mutation
 D - 6 potions of curing {unknown}
 E - a potion of lignification
 F - 3 potions of magic
 G - a potion of brilliance {unknown}
 P - a potion of ambrosia {unknown}
 T - a potion of heal wounds
 W - 2 potions of attraction {unknown}
Miscellaneous
 h - a piece from Xom's chessboard (15/15)


   Skills:
 + Level 10.6 Fighting
 - Level 7.4 Long Blades
 + Level 13.8 Axes
 + Level 6.3 Ranged Weapons
 + Level 4.8 Throwing
 + Level 4.1 Armour
 + Level 9.9 Dodging
 + Level 6.6 Stealth
 + Level 5.0 Shields
 + Level 1.8 Evocations


You had 11 spell levels left.
You didn't know any spells.
Your spell library contained the following spells:

 Spells                   Type           Power      Damage    Failure   Level
 Necrotise                Necr           0%         1d4       56%         1
 Summon Small Mammal      Summ           0%         N/A       56%         1
 Lesser Beckoning         Tloc           0%         N/A       71%         2
 Call Canine Familiar     Summ           0%         N/A       91%         3
 Gell's Gravitas          Tloc           0%         N/A       91%         3
 Summon Guardian Golem    Hex/Summ       0%         N/A       91%         3
 Teleport Other           Tloc           0%         N/A       91%         3
 Vhi's Electric Charge    Tloc/Air       0%         N/A       91%         3
 Animate Dead             Necr           0%         N/A       100%        4
 Summon Ice Beast         Ice/Summ       0%         N/A       100%        4
 Arcjolt                  Conj/Air       0%         1d10      100%        5
 Borgnjor's Vile Clutch   Necr/Erth      0%         N/A       100%        5
 Summon Mana Viper        Hex/Summ       0%         N/A       100%        5
 Death Channel            Necr           0%         N/A       100%        6
 Dispersal                Tloc           0%         N/A       100%        6
 Plasma Beam              Fire/Air       0%         2x1d11    100%        6
 Monstrous Menagerie      Summ           0%         N/A       100%        7


Dungeon Overview and Level Annotations

Branches:
Dungeon (11/15)            Temple (1/1) D:5            Lair (5/5) D:10
 Shoals (0/4) Lair:3       Spider (0/4) Lair:3        Slime (0/5) Lair:4
    Orc: D:9-12

Altars:
Ashenzari
Cheibriados
Dithmenos
Elyvilon
Fedhas
Gozag
Hepliaklqana
Kikubaaqudgha
Makhleb
Nemelex Xobeh
Okawaru
Qazlal
Ru
Sif Muna
Trog
Uskayaw
Vehumet
Wu Jian
Xom
Yredelemnul
Zin
The Shining One

Shops:
D:2 :   D:4 *

Annotations:
D:9 1 runed translucent door, BuzzardItera's ghost, novice MiBe
D:11 Erolcha


Innate Abilities, Weirdness & Mutations

You are inexperienced. (-2 XL)
You are sensitive to extremes of temperature. (rF-, rC-)
((You are very nimble when in or above water. (Stealth+, EV+, Speed+++)))
Your lower body shifts to a powerful aquatic tail in water.


Message History

The 13-headed hydra bites you but does no damage.
The 13-headed hydra bites you. The 13-headed hydra barely misses you.
The 13-headed hydra closely misses you.
The 13-headed hydra barely misses you. x2
The 13-headed hydra bites you but does no damage.
The 13-headed hydra bites you! The 13-headed hydra bites you.
* * * LOW HITPOINT WARNING * * *
The 13-headed hydra bites you.
* * * LOW HITPOINT WARNING * * *
The 13-headed hydra bites you!
* * * LOW HITPOINT WARNING * * *
You block the 13-headed hydra's attack.
Aiming: Quicksilver Bolt
Press: ? - help, Shift-Dir - straight line, f - 13-headed hydra
Aim: a 13-headed hydra (almost dead, 90% to hit)
The bolt of dispelling energy hits the 13-headed hydra!!
You kill the 13-headed hydra!
You redirect the hell hound's attack!
Your Shields skill increases to level 5!
The hell hound begins to attack, but is stunned by your conviction!
The hell hound bites you but does no damage.
The hell hound bites you.
* * * LOW HITPOINT WARNING * * *
You slip backwards!
Unknown command.
The black mamba hisses angrily.
You slice the hell hound!!
The hell hound is almost dead.
The hell hound begins to attack, but is stunned by your conviction!
You barely miss the hell hound.
The hell hound is almost dead.
You miss the hell hound.
The hell hound is almost dead.
The hell hound misses you.
You slash the hell hound!
You kill the hell hound!
A torpor snail comes into view.
Being near the torpor snail leaves you feeling lethargic.
You redirect the black mamba's attack!
The black mamba barely misses itself.
The black mamba bites you!
You die...

##.####.#...........##
#..................##
##................##
#................#
#................#
#................#
#...).......†....#
#.#.#...##.S..#...#
#.†....@....#.##
#....#..........#
#................#
#................#
#..............###
#..............#.###
##...w.#......##...#
......##....#.....##
..... #...........#


You could see a torpor snail (wandering) and a black mamba.

Vanquished Creatures
  Rupert (Lair:3)
  Snorg (D:11)
  3 hydras (Lair:5)
  3 boulder beetles
  4 two-headed ogres
  4 death yaks (Lair:5)
  Nergalle (Lair:3)
  2 skysharks (Lair:5)
  Amaemon (Lair:3)
  2 harpies (Lair:3)
  3 oklob plants (Lair:4)
  Joseph (D:7)
  A cyclops (D:6)
  11 elephants
  A torpor snail (Lair:4)
  5 black mambas
  8 cane toads
  An orange demon (Lair:3)
  2 unseen horrors
  A komodo dragon (Lair:4)
  An unseen horror zombie (D:9)
  2 rime drakes (Lair:5)
  2 trolls (D:10)
  2 polar bears (Lair:5)
  10 blink frogs
  12 dream sheep (Lair:3)
  A culicivora (Lair:3)
  A jumping spider (Lair:3)
  5 wyverns
  24 yaks
  A wraith (D:9)
  4 basilisks
  4 steam dragons
  A warg (D:6)
  A redback (Lair:3)
  11 water moccasins
  2 hell hounds
  2 black bears
  5 orc warriors
  An ice beast (D:8)
  A sky beast (D:7)
  11 ogres
  16 wolves
  10 centaurs
  A phantom (D:6)
  4 kobold brigands
  Blork the orc (D:6)
  5 bullfrogs
  A wyvern zombie (D:9)
  7 gnoll sergeants
  6 scorpions
  5 wights
  3 killer bees (D:9)
  3 electric eels (Lair:3)
  8 howler monkeys
  3 centaur zombies (D:9)
  11 hounds
  A jelly (D:5)
  10 orc priests
  A sleepcap (D:7)
  Jessica (D:2)
  Natasha (thrice) (D:3)
  12 orc wizards
  6 hell rats (Lair:1)
  2 howler monkey zombies (D:9)
  21 gnolls
  4 adders
  5 ufetubi
  2 worms
  3 dart slugs
  25 orcs
  2 endoplasms
  4 giant cockroaches
  12 goblins
  8 hobgoblins
  4 jackals (D:2)
  22 kobolds
  2 quokkas (D:4)
  6 ball pythons
  3 bats
  4 frilled lizards (D:1)
  3 rats (D:3)
410 creatures vanquished.

Vanquished Creatures (others)
  A harpy (Lair:3)
  A redback (Lair:3)
  A kobold brigand (D:10)
  An orc (D:9)
  A hobgoblin (D:3)
5 creatures vanquished.

Grand Total: 415 creatures vanquished

Notes
Turn   | Place    | Note
-------+----------+-------------------------------------------
     0 | D:1      | monsoonserge the Merfolk Gladiator began the quest for the
                  | Orb.
     0 | D:1      | Reached XP level 1. HP: 16/16 MP: 1/1
   238 | D:1      | Reached XP level 2. HP: 20/22 MP: 2/2
   853 | D:1      | Found a faded altar of an unknown god.
   856 | D:1      | Prayed at the altar of an unknown god.
   856 | D:1      | Became a worshipper of Ru the Awakened
   885 | D:1      | Gained mutation: You are sensitive to extremes of
                  | temperature. (rF-, rC-) [Ru sacrifice]
   885 | D:1      | Reached * piety under Ru
   885 | D:1      | Reached ** piety under Ru
  1171 | D:2      | Reached XP level 3. HP: 24/27 MP: 3/3
  1234 | D:2      | Noticed Jessica
  1667 | D:2      | Found Tuomiur's Book Shoppe.
  1670 | D:2      | Killed Jessica
  1671 | D:2      | Reached skill level 5 in Long Blades
  1671 | D:2      | Reached XP level 4. HP: 27/34 MP: 4/4
  2056 | D:3      | Noticed Natasha
  2208 | D:2      | Reached XP level 5. HP: 23/39 MP: 5/5
  2350 | D:3      | Found a bloodstained altar of Trog.
  2628 | D:3      | Killed Natasha
  2983 | D:3      | Noticed Natasha
  2992 | D:3      | Killed Natasha
  3100 | D:3      | Found a burning altar of Makhleb.
  3100 | D:3      | Noticed a cacodemon
  3109 | D:3      | Noticed a ynoxinul
  3109 | D:3      | Noticed a neqoxec
  3201 | D:3      | Noticed Natasha
  3208 | D:3      | Killed Natasha
  3209 | D:3      | Reached skill level 1 in Armour
  3209 | D:3      | Reached skill level 1 in Stealth
  3209 | D:3      | Reached XP level 6. HP: 25/46 MP: 6/6
  3494 | D:4      | Reached skill level 1 in Evocations
  3677 | D:4      | Found a broken altar of Ashenzari.
  3705 | D:4      | Reached skill level 5 in Dodging
  3751 | D:4      | Found a stormy altar of Qazlal.
  3784 | D:4      | Noticed a black bear
  3795 | D:4      | Killed a black bear
  3820 | D:4      | Found a sacrificial altar of Ru.
  3975 | D:4      | Found Coskoqoo's General Store.
  4234 | D:5      | Entered Level 5 of the Dungeon
  4248 | D:5      | Reached XP level 7. HP: 49/52 MP: 7/7
  4415 | D:5      | Found a staircase to the Ecumenical Temple.
  4421 | Temple   | Entered the Ecumenical Temple
  4516 | D:5      | Reached skill level 1 in Ranged Weapons
  4922 | D:5      | Reached skill level 1 in Axes
  4930 | D:5      | Reached XP level 8. HP: 12/61 MP: 8/8
  4945 | D:5      | HP: 3/61 [poisoned by a scorpion]
  5301 | D:5      | Reached skill level 2 in Axes
  5461 | D:6      | Reached skill level 3 in Axes
  5502 | D:6      | Reached skill level 4 in Axes
  5585 | D:6      | Reached skill level 5 in Fighting
  5585 | D:6      | Reached XP level 9. HP: 68/68 MP: 9/9
  5619 | D:6      | Reached skill level 5 in Axes
  5916 | D:6      | Reached skill level 6 in Axes
  5916 | D:6      | Noticed a cyclops
  6148 | D:6      | Reached skill level 7 in Axes
  6155 | D:6      | Reached XP level 10. HP: 48/76 MP: 10/10
  6280 | D:6      | Killed a cyclops
  6554 | D:6      | You fall into a shaft and drop 3 floors!
  6656 | D:9      | Reached skill level 8 in Axes
  6779 | D:7      | Noticed Joseph
  6798 | D:7      | Killed Joseph
  7039 | D:7      | Gained mutation: You are somewhat inexperienced. (-1 XL)
                  | [Ru sacrifice]
  7039 | D:7      | Reached XP level 9. HP: 71/71 MP: 9/9
  7039 | D:7      | Reached *** piety under Ru
  7626 | D:6      | Found the +2 pair of slick slippers {slick, slippery, EV+4}
  7757 | D:6      | Noticed Blork the orc
  7765 | D:6      | Killed Blork the orc
  8293 | D:7      | Found an iron altar of Okawaru.
  8297 | D:7      | Reached skill level 9 in Axes
  8471 | D:8      | Noticed a +0 hand axe
  8471 | D:8      | Noticed a +0 hand axe
  8471 | D:8      | Found a hide-covered altar of Uskayaw.
  9116 | D:9      | Reached XP level 10. HP: 64/79 MP: 10/10
  9168 | D:9      | Identified the +2 ring mail of Catugom {rPois Str-3 Int+3
                  | Stlth+}
  9204 | D:9      | Reached skill level 5 in Ranged Weapons
  9383 | D:9      | Found a runed translucent door.
  9386 | D:9      | Identified the +3 trident "Vycidoc" {speed, rF- rC+ Dex+3}
  9386 | D:9      | Noticed BuzzardItera's ghost (novice MiBe)
  9501 | D:9      | Gained mutation: You are inexperienced. (-2 XL) [Ru
                  | sacrifice]
  9501 | D:9      | Reached XP level 9. HP: 59/72 MP: 9/9
  9501 | D:9      | Reached **** piety under Ru
  9501 | D:9      | Reached ***** piety under Ru
  9630 | D:9      | Noticed a two-headed ogre
  9644 | D:9      | Killed a two-headed ogre
 10016 | D:10     | Entered Level 10 of the Dungeon
 10413 | D:10     | Reached skill level 10 in Axes
 10743 | D:10     | Noticed a two-headed ogre
 10859 | D:10     | Found a staircase to the Lair.
 11066 | D:10     | Found a shimmering blue altar of Sif Muna.
 11081 | D:10     | Found an ancient bone altar of Kikubaaqudgha.
 11090 | D:10     | Got Kikubaaqudgha's Cyclopedia of Lamentation
 11101 | D:10     | Found a radiant altar of Vehumet.
 11131 | D:10     | Killed a two-headed ogre
 11321 | D:11     | Noticed Snorg
 11321 | D:11     | Noticed Erolcha
 11342 | D:11     | Killed Snorg
 11498 | D:11     | Noticed a two-headed ogre
 11505 | D:11     | Killed a two-headed ogre
 11506 | D:11     | Reached skill level 1 in Shields
 11536 | D:11     | Noticed a boulder beetle
 11577 | D:11     | Killed a boulder beetle
 11578 | D:11     | Reached XP level 10. HP: 36/82 MP: 10/10
 11771 | D:11     | Noticed a two-headed ogre
 11779 | D:11     | Killed a two-headed ogre
 11780 | D:11     | Reached skill level 11 in Axes
 12018 | Lair:1   | Entered Level 1 of the Lair of Beasts
 13201 | Lair:2   | Noticed a boulder beetle
 13222 | Lair:1   | Killed a boulder beetle
 13344 | Lair:2   | You fall into a shaft and drop 2 floors!
 13697 | Lair:2   | Identified the +7 short sword "Emuoxu" {flame, Fragile
                  | rPois Dex+5 Stlth+}
 14091 | Lair:3   | Noticed Amaemon
 14103 | Lair:3   | Killed Amaemon
 14104 | Lair:3   | Reached skill level 12 in Axes
 14130 | Lair:3   | Found a staircase to the Shoals.
 14135 | Lair:3   | Reached XP level 11. HP: 71/89 MP: 11/11
 14381 | Lair:3   | Noticed Rupert
 14408 | Lair:3   | HP: 3/81 [Rupert/+0 heavy great mace (33)]
 14413 | Lair:3   | Killed Rupert
 14414 | Lair:3   | Reached skill level 5 in Stealth
 14435 | Lair:3   | Noticed Nergalle
 14479 | Lair:3   | Killed Nergalle
 14878 | Lair:3   | Found a hole to the Spider Nest.
 15550 | Lair:4   | Reached skill level 13 in Axes
 15697 | Lair:4   | Reached skill level 10 in Fighting
 16080 | Lair:4   | Found a staircase to the Slime Pits.
 16389 | Lair:5   | Entered Level 5 of the Lair of Beasts
 16842 | Lair:5   | Reached XP level 12. HP: 90/94 MP: 12/12
 17706 | Lair:5   | Reached skill level 5 in Shields
 17716 | Lair:5   | Slain by a black mamba

Illustrated notes

Levels and vault maps discovered:
D:1:      lemuel_arrival_muddy, layout_basic, chequers_ecumenical_altar_grove
D:2:      layout_basic, serial_shops, shop, chequers_serial_rivers_large_b,
          uniq_jessica
D:3:      layout_basic, makhleb_altar_promises_db, trog_hazing_becter,
          uniq_natasha
D:4:      layout_gridville, grunt_qazlal_clouds,
          mainiacjoe_overflow_catwalk_spiral, serial_shops, shop
D:5:      layout_basic, minmay_temple_entry_fiery
D:6:      lemuel_castle_with_subvaults [lemuel_castle_interior_carwin_1],
          layout_gridville, uniq_blork_the_orc
D:7:      layout_basic, okawaru_altar_gauntlet_db, uniq_joseph
D:8:      layout_loops_ring, dancing_weapons_uskayaw
D:9:      layout_loops_ring, serial_undead, serial_undead_d, serial_undead_d,
          serial_undead_c, serial_undead_c, ebering_ghost_funeral_grove
D:10:     layout_big_octagon, palyth_temple_overflow_mages, david_lair_generic,
          st_stairs_6
D:11:     layout_roguey, hangedman_decor_growths, uniq_snorg, uniq_erolcha
Temple:   hellmonk_temple_two_chambers
Lair:1:   layout_chaotic_city, lemuel_fruit_fields
Lair:2:   layout_cave_shapes, nicolae_lair_grove_arrangements
Lair:3:   layout_small_grid, nicolae_shoals_entry_roost,
          spider_nest_entry_funnel_web, chequers_serial_rivers_micro_e,
          serial_bayou_shore_a, grunt_megastairs_2, serial_bayou_shore_b,
          uniq_rupert, uniq_nergalle, uniq_amaemon
Lair:4:   layout_long_grid, minmay_slime_entry_oklob_open
Lair:5:   cheibrodos_lair_end_hotspot, layout_gridlike

Skill      XL: |  1  2  3  4  5  6  7  8  9 10 11 12 |
---------------+-------------------------------------+-----
Long Blades    | 4 5 6 7 |  7.4
Armour         | 1 2 3 4 |  4.1
Stealth        | 1 2 4 6 |  6.6
Fighting       | 3 4 5 8 9 10 | 10.6
Evocations     | 1 |  1.8
Dodging        | 5 7 8 9 |  9.9
Ranged Weapons | 2 3 6 |  6.3
Axes           | 1 4 10 12 13 | 13.8
Shields        | 1 2 4 5 |  5.0
Throwing       | 3 4 |  4.8

Action                     |  1- 3 |  4- 6 |  7- 9 | 10-12 || total
---------------------------+-------+-------+-------+-------++-------
  Melee: Long sword        |    89 |   144 |    17 |       ||   250
         Punch             |     1 |     2 |     8 |       ||    11
         Tailslap          |       |     2 |    11 |       ||    13
         Broad axe         |       |       |   418 |   617 ||  1035
   Fire: Arbalest          |       |       |    95 |    25 ||   120
         Sling             |       |       |    15 |    29 ||    44
  Throw: Throwing net      |       |     3 |     1 |     2 ||     6
         Dart              |       |       |     5 |    23 ||    28
         Boomerang         |       |       |       |    43 ||    43
 Invoke: Sacrifice Resista |     1 |       |       |       ||     1
         Reject Sacrifices |       |     1 |       |     1 ||     2
         Sacrifice Experie |       |       |     2 |       ||     2
         Draw Out Power    |       |       |     1 |     2 ||     3
         Apocalypse        |       |       |       |     5 ||     5
         Power Leap        |       |       |       |     1 ||     1
  Evoke: Wand              |       |       |       |    16 ||    16
         Piece from Xom's  |       |       |       |     3 ||     3
    Use: Scroll            |       |     4 |     4 |     4 ||    12
         Potion            |       |     1 |     2 |       ||     3
   Stab: Invisible         |       |     3 |     2 |     1 ||     6
         Distracted        |       |       |     3 |     1 ||     4
         Sleeping          |       |       |     2 |     4 ||     6
         Paralysed         |       |       |       |    12 ||    12
 Armour: Leather armour    |     6 |       |    57 |    75 ||   138
         Ring mail         |    32 |    64 |       |       ||    96
         Chain mail        |       |       |    19 |       ||    19
         Skin              |       |       |     6 |       ||     6
  Dodge: Dodged            |    65 |    99 |   396 |   421 ||   981
  Block: Buckler           |       |       |    16 |   178 ||   194
         Reflection        |       |       |       |     1 ||     1
